[Event "4NCL Div 1 2024-25"]
[Site "England"]
[Date "2025.01.26"]
[Round "4.43"]
[White "Panjwani, Raja"]
[Black "Villiers, Thomas"]
[Result "1/2-1/2"]
[Annotator "TA"]
[ECO "B01"]
[WhiteElo "2448"]
[BlackElo "2182"]
[PlyCount "55"]
[EventDate "2024.11.23"]
[EventType "team-tourn"]
[EventCountry "ENG"]
[SourceTitle "playchess.com"]
[Source "ChessBase"]
[SourceQuality "1"]
[TimeControl "40/6000+30:3000+30"]

1. e4 d5 2. exd5 Nf6 3. Nf3 Qxd5 4. Nc3 Qa5 5. d4 Bg4 6. h3 Bh5 7. g4 Bg6 8. Ne5 c6 9. Bc4 e6 {[%emt 0:00:39] 9...Nbd7 is the modern continuation.} 10. h4 Be4 {[%emt 0:00:26] B01: Scandinavian Defence.} 11. O-O Bd5 12. Nxd5 cxd5 {[%emt 0:00:06] White is slightly better.} 13. Bd3 Be7 $146 (13... Nc6 14. Nxc6 bxc6 15. Bf4 Qd8 16. g5 Bd6 17. Bxd6 Qxd6 18. gxf6 Qf4 19. Re1 gxf6 20. Kf1 Qxh4 {1-0 Leniart,A (2476)-Grimm,D (2300) Mirandela op 3rd 2022 (2)}) 14. c3 Nbd7 15. Nxd7 (15. f4 {is interesting.} Ne4 16. g5 h6 17. Qh5) 15... Nxd7 16. h5 b5 17. b4 Qb6 18. a4 Rc8 (18... Qc7 $142) 19. Bd2 $16 bxa4 20. Qxa4 Rc7 21. Bb5 {[%emt 0:03:09] White has space advantage and is better White is more active.} (21. Qc2 $142) 21... Bd6 22. Rfe1 Ke7 (22... h6 $142 23. Kg2 Qb8) 23. Bg5+ {[%emt 0:01:34] This pair of bishops is nice.} (23. g5 $16) 23... Nf6 $14 24. Re3 h6 25. Bh4 $36 {[%emt 0:00:26][%mdl 2048] Black is under pressure.} Bf4 (25... Rd8 $11) 26. Rf3 $16 Bd2 {[%emt 0:00:04] [#]} (26... Bd6 $16 {was worth a try.}) 27. Bg3 (27. Bc6 $1 $18 {b5 would now be deadly.} Rhc8 (27... Rxc6 28. Qxa7+ Qc7 29. b5 $16) (27... Qxc6 $2 {is the wrong capture.} 28. Qxc6 Rxc6 29. Rxa7+ Kf8 30. Rxf6 $18) 28. b5) 27... Rxc3 $2 (27... Rhc8 $11) 28. Qxa7+ {[%emt 0:00:53][%mdl 32768] Weighted Error Value: White=0.30/Black=0.58 An unexpected result.  Loses game:     	---       	Black=1      Mistake:       	White=3     	Black=4      Inaccurate:     	White=1     	Black=4      OK:         	White=7     	Black=3      Best:        	White=1     	Black=1} 1/2-1/2

[Event "4NCL Div 1 2024-25"]
[Site "England"]
[Date "2025.01.26"]
[Round "4.44"]
[White "Macak, Stefan"]
[Black "Taylor, Martin R"]
[Result "1/2-1/2"]
[Annotator "TA"]
[ECO "B04"]
[WhiteElo "2310"]
[BlackElo "2353"]
[PlyCount "27"]
[EventDate "2024.11.23"]
[EventType "team-tourn"]
[EventCountry "ENG"]
[SourceTitle "playchess.com"]
[Source "ChessBase"]
[SourceQuality "1"]
[TimeControl "40/6000+30:3000+30"]

1. e4 Nf6 2. e5 Nd5 3. d4 d6 4. Nf3 dxe5 5. Nxe5 c6 6. Be2 Bf5 {[%emt 0:00:57] B04: Alekhine's Defence: 4 Nf3.} 7. O-O Nd7 8. Nf3 e6 9. c4 N5f6 10. Nc3 Bd6 11. Be3 (11. Nh4 $14) 11... Ne4 $146 (11... O-O 12. h3 h6 13. Qb3 Qb6 14. Rfc1 Rfe8 15. Nd2 Qxb3 16. Nxb3 e5 17. Rd1 exd4 18. Nxd4 {1-0 Nihal,S (2648)-Aronyak,G (2494) Junior Speed Qual blitz 2022 (1.39)}) 12. a4 O-O 13. a5 Qe7 14. Qa4 {[%emt 0:18:23] Weighted Error Value: White=0.10 (very precise) /Black=0.09 (flawless)   Mistake:       	White=2     	---        Inaccurate:     	---       	Black=1      OK:         	White=2     	Black=3} (14. Bd3 $14 Nxc3 15. bxc3) 1/2-1/2

[Event "4NCL Div 1 2024-25"]
[Site "England"]
[Date "2025.01.26"]
[Round "4.45"]
[White "Cox, John J"]
[Black "Mirzoeva, Elmira"]
[Result "1/2-1/2"]
[Annotator "TA"]
[ECO "A42"]
[WhiteElo "2259"]
[BlackElo "2258"]
[PlyCount "99"]
[EventDate "2024.11.23"]
[EventType "team-tourn"]
[EventCountry "ENG"]
[SourceTitle "playchess.com"]
[Source "ChessBase"]
[SourceQuality "1"]
[TimeControl "40/6000+30:3000+30"]

1. c4 d6 2. Nc3 e5 3. g3 g6 4. Bg2 Bg7 5. e4 Ne7 6. Nge2 O-O 7. O-O Nd7 8. d4 exd4 9. Nxd4 Nc6 10. Nxc6 bxc6 11. Be3 {[%emt 0:08:13] A42: Modern Defence: Averbakh Variation.} Ne5 12. Bd4 c5 13. Bxe5 {[%emt 0:00:11] Black is slightly better.} Bxe5 14. Qd2 Rb8 15. Rad1 $146 (15. b3 Bb7 16. f4 Bd4+ 17. Kh1 f5 18. exf5 Bxg2+ 19. Kxg2 Rxf5 20. Rae1 Bxc3 21. Qxc3 {½-½ Jermy,J (1713)-Anderson,P (1990) BCF-chT1 S4 (4NCL) online 2021 (3.153)}) 15... Kh8 16. b3 a6 17. h3 f5 18. f4 Bd4+ 19. Kh2 fxe4 20. Nxe4 Bd7 21. Rde1 Kg7 22. Re2 h6 23. Rfe1 Rf7 24. Nc3 c6 {[%emt 0:00:27] Prevents Nd5.} 25. Qd3 Bf5 {[%emt 0:09:04] A strong pair of Bishops.} 26. Be4 Qf6 27. Bxf5 Qxf5 28. Qxf5 (28. Qf3 {is interesting.} g5 29. Rg2 Qd7 30. Rd1) 28... gxf5 29. Nb1 ({White should try} 29. Na4 $14) 29... a5 $11 {[%emt 0:02:33] The position is equal.} 30. Re6 Rf6 31. Re7+ Rf7 32. R7e6 a4 33. Nd2 axb3 34. Nxb3 Ra8 35. R1e2 (35. Rxd6 Rxa2+ 36. Kh1 Rb7 37. Nxd4 cxd4) 35... Rf6 36. Re7+ Rf7 37. R7e6 Rfa7 38. Rxd6 Rxa2 39. Rd7+ Kg8 40. Rd8+ Rxd8 41. Rxa2 {[%emt 0:23:02][%mdl 4096] Endgame KRB-KRN} Rb8 42. Nd2 Rb4 43. Rc2 Kf7 44. Nf3 h5 45. Nh4 Kf6 46. g4 fxg4 47. hxg4 hxg4 {[%emt 0:00:12] [#] And now ...Rb3 would win.} 48. Kg3 Rb1 49. Kxg4 Rg1+ 50. Kf3 {[%emt 0:02:56] Weighted Error Value: White=0.07 (flawless) /Black=0.08 (flawless)   Mistake:       	White=1     	---        Inaccurate:     	White=1     	Black=3      OK:         	White=16    	Black=16     Best:        	White=1     	Black=1} 1/2-1/2

[Event "4NCL Div 1 2024-25"]
[Site "England"]
[Date "2025.01.26"]
[Round "4.46"]
[White "Yoon, Jacob D"]
[Black "Zhao, George"]
[Result "1-0"]
[Annotator "TA"]
[ECO "E48"]
[WhiteElo "2270"]
[BlackElo "2233"]
[PlyCount "85"]
[EventDate "2024.11.23"]
[EventType "team-tourn"]
[EventCountry "ENG"]
[SourceTitle "playchess.com"]
[Source "ChessBase"]
[SourceQuality "1"]
[TimeControl "40/6000+30:3000+30"]

1. d4 e6 2. c4 Nf6 3. Nc3 Bb4 4. e3 c5 5. Bd3 Nc6 6. Nge2 cxd4 7. exd4 d5 8. cxd5 Nxd5 9. O-O O-O 10. a3 Be7 11. Bc2 b6 {[%emt 0:10:40] E48: Nimzo-Indian: Rubinstein: 5 Bd3 d5 including 6 Ne2, but excluding 6 a3.} 12. Qd3 {[%emt 0:03:35][%csl Gc2][%cal Rd3h7] [#] Inhibits Ba6.} g6 {[%emt 0:01:01] A sharp opening} 13. Bh6 Re8 {[%emt 0:00:16] The position is equal.} 14. Ba4 Bb7 15. Rac1 Rc8 16. Rfd1 Bg5 $146 (16... a6 17. b4 Bg5 18. Bxg5 Qxg5 19. Nxd5 Qxd5 20. Nc3 Qg5 21. Qe3 Qxe3 22. fxe3 Red8 {0-1 Guichard,P (2358)-Muzychuk,M (2519) EU-Cup (Women) 27th 2023 (5.1)}) 17. Bxg5 Qxg5 18. Ne4 Qe7 19. Bb3 Red8 20. Qg3 Nf6 21. N4c3 Na5 22. Ba2 Nc4 23. Bxc4 Rxc4 {[%emt 0:00:10][%csl Od4] Black attacks a weakness} 24. Nb5 Nh5 {[%emt 0:08:27] White is weak on the light squares} 25. Qe3 Qd7 26. Nbc3 (26. Nxa7 $2 Rxc1 27. Rxc1 Bd5 $19 (27... Bxg2 28. Kxg2 Qxa7 29. Kg1 $17)) (26. Rxc4 {seems wilder.} Qd5 27. f3 Qxc4 28. Nbc3) 26... Rdc8 27. f3 Nf6 28. Nf4 Nd5 29. Ncxd5 Bxd5 30. Rxc4 Rxc4 31. Nd3 Qa4 32. Rd2 Rc2 {[%emt 0:02:03] And now ...Rxd2 would win.} (32... Rxd4 $6 33. b3 Bxb3 (33... Qxa3 $2 34. Qxd4 Qxb3 35. Ne5 $18) 34. Nb2 Rxd2 35. Nxa4 Rd1+ 36. Kf2 Bxa4 37. Qf4 $16) 33. Ne5 Rxd2 34. Qxd2 $11 {[%emt 0:00:24][%mdl 4096] Endgame KQB-KQN} f6 {[%emt 0:00:40] Dodges h4} (34... h5 $11) 35. Ng4 $14 f5 36. Ne5 Qe8 37. Qb4 Qc8 $2 {[%emt 0:00:55][%mdl 8192] [#] This costs Black the game.} (37... Qd8 $11 {and Black stays safe.}) 38. Qe7 $1 $18 {[%emt 0:02:50][%cal Oe5d7] Strongly threatening Nd7!.} a6 $2 (38... Qf8 39. Qxa7 Qd8 40. Qf7+ Kh8) 39. Nd7 Kh8 40. h4 ({Less strong is} 40. Nxb6 Qc1+ 41. Kf2 h5 $16 (41... Qxb2+ $2 {too greedy.} 42. Kg3 $18)) 40... Bxf3 41. gxf3 {[%emt 0:52:41][%cal Od7f6] Nf6! would kill now.} Qc1+ 42. Kg2 Qd2+ 43. Kh3 {[%emt 0:00:00] Weighted Error Value: White=0.07 (flawless) /Black=0.45  Loses game:     	---       	Black=1      Mistake:       	---       	Black=2      Inaccurate:     	White=4     	Black=2      OK:         	White=12    	Black=11     Best:        	White=2     	Black=1      Strong:       	White=1     	---} 1-0

[Event "4NCL Div 1 2024-25"]
[Site "England"]
[Date "2025.01.26"]
[Round "4.47"]
[White "Sowray, Peter J"]
[Black "Badacsonyi, Frankie"]
[Result "0-1"]
[Annotator "TA"]
[ECO "E20"]
[WhiteElo "2205"]
[BlackElo "2266"]
[PlyCount "90"]
[EventDate "2024.11.23"]
[EventType "team-tourn"]
[EventCountry "ENG"]
[SourceTitle "playchess.com"]
[Source "ChessBase"]
[SourceQuality "1"]
[TimeControl "40/6000+30:3000+30"]

1. d4 d5 2. c4 e6 3. Nf3 Nf6 4. g3 Bb4+ 5. Nc3 O-O 6. Bg2 dxc4 7. O-O Nc6 8. a3 {[%emt 0:01:47] 8.Re1 deserves study.} Be7 9. e4 {[%emt 0:00:49] E20: Nimzo-Indian: 4 g3 and 4 f3.} a6 10. Be3 {[%emt 0:06:24] 10.Bf4 is not played anymore.} Rb8 11. Qe2 {[%emt 0:09:21] White sacrificed a pawn. The position is equal.} b5 12. Rad1 Na5 13. Ne5 (13. d5 $11 {is superior.}) 13... Bb7 $15 14. g4 Nd7 15. f4 f6 16. Nf3 Qe8 $146 (16... Nb3 17. Qc2 c5 18. d5 exd5 19. Nxd5 Bxd5 20. Rxd5 Qe8 21. Re1 Nb6 22. Rdd1 Rd8 {1-0 Yim,S (2254)-Guo,A (2333) Dallas UT Fall op 2018 (9)}) 17. Bh3 Rd8 18. g5 f5 19. d5 Nc5 20. Ne5 (20. Nd4 $15) 20... Bd6 $17 21. dxe6 Nxe4 22. Nd7 Nxc3 23. bxc3 {[%emt 0:00:08][%cal Od1d6] [#]} Qxe6 24. Nxf8 Rxf8 25. Qf2 {[%emt 0:03:09] White is weak on the light squares} Nb3 $1 (25... Bxa3 26. Rfe1 $17 (26. Bc5 $2 Qc6 $19)) 26. Rfe1 (26. Bg2 Bxg2 27. Kxg2) 26... Bxa3 $2 (26... Be4 $19 27. a4 b4 (27... bxa4 $2 28. Bg2 $19)) 27. Bc1 $1 $15 Qc6 28. Bg2 Qxg2+ 29. Qxg2 Bc5+ {[%emt 0:00:07] This pair of bishops is nice.} (29... Bxg2 30. Bxa3 Be4 (30... Bf3 $2 31. Rd7 $18) 31. Bxf8 Kxf8 32. Rd8+ (32. Rd7 c6 $16) 32... Ke7 33. Rh8 $18) 30. Be3 Bxg2 31. Bxc5 Nxc5 32. Kxg2 $17 {[%emt 0:00:03][%mdl 4096] Endgame [#] KRR-KRN} Nd3 ({Black should try} 32... Rc8 $1 $17 {White must now prevent ...Ne4.} 33. Kf3 Ne4) 33. Re7 $15 c5 34. Ra7 $2 {[%emt 0:04:05] Loses the game.} (34. Kf3 $11) 34... Nxf4+ (34... b4 $19 {is more deadly.} 35. cxb4 cxb4) 35. Kf3 {[%emt 0:00:10] [#]} (35. Kf1 $17 {is a better defense.} Nd3 36. Ra1) 35... Nd3 $1 $19 36. Rxa6 b4 37. cxb4 cxb4 38. Ke3 $2 (38. Rb6) 38... f4+ 39. Kd2 f3 40. Rf1 f2 41. Rc6 Rf4 42. Rc7 b3 43. Kc3 b2 44. Rb7 Re4 45. Kd2 (45. Rb8+ $142 Kf7 46. Rxb2) 45... Rg4 {[%emt 0:00:00] Weighted Error Value: White=0.56/Black=0.26 (precise)   Loses game:     	White=1     	---        Missed win:     	---       	Black=1      Mistake:       	White=6     	Black=2      Inaccurate:     	White=5     	Black=1      OK:         	White=13    	Black=16     Best:        	White=1     	Black=2      Strong:       	White=1     	Black=2} 0-1

[Event "4NCL Div 1 2024-25"]
[Site "England"]
[Date "2025.01.26"]
[Round "4.48"]
[White "Pollack, Oscar"]
[Black "Regan, Natasha K"]
[Result "0-1"]
[Annotator "TA"]
[ECO "C45"]
[WhiteElo "2030"]
[BlackElo "2035"]
[PlyCount "98"]
[EventDate "2024.11.23"]
[EventType "team-tourn"]
[EventCountry "ENG"]
[SourceTitle "playchess.com"]
[Source "ChessBase"]
[SourceQuality "1"]
[TimeControl "40/6000+30:3000+30"]

1. e4 e5 2. Nf3 Nc6 3. d4 exd4 4. Nxd4 Nxd4 5. Qxd4 Ne7 6. Nc3 Nc6 7. Qe3 b6 {[%emt 0:01:44] C45: Scotch Game.} 8. Qg3 Nb4 9. Bd3 Nxd3+ {[%emt 0:05:26] White is slightly better.} 10. cxd3 Ba6 (10... c6 $14) 11. Nd5 $146 (11. O-O c6 12. Re1 Qf6 13. Nd5 cxd5 14. exd5+ Be7 15. Bg5 Qg6 16. Rxe7+ Kf8 17. Rae1 {1-0 Bellaiche,A (2225)-Gelis,D FRA-chT 0001 U18 2000 (2)}) 11... d6 12. Bg5 f6 13. Rc1 Rc8 (13... c6 $14 14. Nb4 (14. Rxc6 Bb7 $11) 14... Bb7) 14. Bd2 $36 {[%emt 0:21:40][%mdl 2048] White is really pushing.} c6 15. Nf4 Qd7 16. Bc3 (16. O-O $16) 16... Kf7 (16... d5 $11) 17. O-O $14 g6 18. h4 Bh6 19. Qf3 Bg7 (19... Rhf8 $142) 20. h5 $16 g5 21. h6 g4 ({Black should try} 21... gxf4 22. hxg7 Rhg8 23. Qxf4 Qe6) 22. Qg3 $1 Bxh6 23. f3 ({White should play} 23. Rce1 Rcf8 24. f3 Bxf4 25. Qxf4) 23... Rcg8 (23... Rhg8 $142) 24. Qh4 $1 Bg5 (24... Bxf4 $16 25. Qxf6+ Ke8 26. Qxf4 Rf8) 25. Qh5+ $18 (25. Qxg4 Qxg4 26. fxg4 Bc8 $15) 25... Ke7 {[%emt 0:00:35] [#]} 26. fxg4 $2 (26. Qxg4 h5 27. Qg3 Kd8 $15) (26. Nd5+ $1 $18 cxd5 27. f4) 26... Bc8 {[%emt 0:00:18] [#]} (26... Qe8 $11 {keeps the balance.}) 27. Rce1 $2 (27. Nh3 $1 $16 {[%cal Rh3g5] and life is bright. Threatens to win with Nxg5.} Qxg4 28. Qxg4 Be3+ 29. Kh2 Bxg4 30. Rce1) 27... Qxg4 $17 28. Qh2 h5 29. Nh3 Bh4 {[%emt 0:01:07][%csl LRe1,LRh3] Dancing on a razor blade.} 30. Re3 ({But not} 30. Rf4 $2 Bg3 (30... Qxh3 31. Qxh3 Bxh3 32. Rxh4 $17) 31. Bxf6+ Ke8 32. Rxg4 Bxh2+ 33. Kxh2 hxg4 34. Bxh8 Rxh8 $19) 30... Rh6 31. Nf2 $2 (31. Rff3 $17) 31... Qg5 $19 32. e5 dxe5 33. Bxe5 $2 (33. Bd2 Rhg6 34. Rxe5+ Qxe5 35. Re1) 33... Qxe3 34. Bd6+ Kd7 35. Bf4 Bg3 $2 (35... Bxf2+ 36. Rxf2 Qe1+ (36... Qxd3 $2 37. Bxh6 Qd1+ 38. Rf1 $19) 37. Rf1 $15) (35... Rxg2+ 36. Qxg2 Qxf4) 36. Qh3+ Qe6 37. Qxe6+ Kxe6 38. Bxh6 Be5 39. Re1 Kd5 40. Re2 h4 41. Kf1 Bf5 {[%emt 0:24:06] Wards off Re4} 42. Bc1 Rg3 43. Be3 c5 44. Ne4 Rg8 ({Much less strong is} 44... Bxe4 45. dxe4+ Kc4 (45... Kxe4 46. Bf2+ Kd3 47. Bxg3 $15) 46. Bc1 $19) 45. Ke1 a6 46. b3 Rg4 47. Kf2 Bxe4 {[%emt 0:02:53] Black is winning.} 48. dxe4+ Rxe4 {[%emt 0:00:19] aiming for ...Bd4.} 49. Kf3 Bd4 {[%emt 0:02:12] Black used his chance.   Weighted Error Value: White=0.52/Black=0.29 (precise)   Loses game:     	White=1     	---        Mistake:       	White=5     	Black=8      Inaccurate:     	White=4     	Black=1      OK:         	White=9     	Black=16     Best:        	White=2     	Black=3      Strong:       	White=1     	---} 0-1